 Dungeon Crawl Stone Soup version 0.28-a0-1033-g1a2f33fa85 (webtiles) character file.

Game seed: 12095356043035867500

2674 gimp the Geomancer (level 9, -10/62 HPs)
             Began as a Demigod Earth Elementalist on Dec 7, 2021.
             Shot with a bolt by an orc warrior (21 damage)
             ... in a bailey.
             The game lasted 00:16:32 (8535 turns).

gimp the Geomancer (Demigod Earth Elementalist)     Turns: 8535, Time: 00:16:33

Health: -10/62     AC:  2    Str:  9    XL:     9   Next: 15%
Magic:  3/18       EV: 11    Int: 29    God:
Gold:   41         SH:  4    Dex: 14    Spells: 6/16 levels left

rFire   . . .      SeeInvis .   a - +4 dagger
rCold   . . .      Faith    .   k - +0 buckler
rNeg    . . .      Spirit   .   i - +0 robe {Will+}
rPois   .          Reflect  .   (no helmet)
rElec   .          Harm     .   (no cloak)
rCorr   .          Rampage  .   (no gloves)
Will    +....                   (no boots)
Stlth   ++........              (no amulet)
HPRegen 0.20/turn               (no ring)
MPRegen 0.16/turn               (no ring)

@: no status effects
A: high mp 1, forlorn, divine attributes
a: no special abilities


You were in a bailey.
You visited 1 branch of the dungeon, and saw 8 of its levels.
You also visited: Bailey.

You collected 266 gold pieces.
You spent 225 gold pieces at shops.

Inventory:

Hand Weapons
 a - a +4 dagger (weapon)
Missiles
 c - 71 stones
 u - 5 poisoned darts
Armour
 i - a +0 robe of willpower (worn)
 k - a +0 buckler (worn)
Magical Staves
 t - a staff of death
Wands
 n - a wand of paralysis (4)
 p - a wand of flame (20)
 r - a wand of iceblast (5)
Scrolls
 e - 3 scrolls of blinking
 f - a scroll of immolation {unknown}
 h - 5 scrolls of teleportation
 s - a scroll of brand weapon
Potions
 b - 3 potions of curing {unknown}
 d - 2 potions of berserk rage
 g - a potion of brilliance
 j - a potion of attraction
 l - a potion of mutation
 m - a potion of lignification
 o - a potion of might


   Skills:
 - Level 4.0 Short Blades
 - Level 1.7 Dodging
 - Level 1.7 Stealth
 + Level 2.2 Shields
 + Level 4.0 Spellcasting
 - Level 6.0 Conjurations
 + Level 1.9 Transmutations
 - Level 8.0 Earth Magic


You had 6 spell levels left.
You knew the following spells:

 Your Spells              Type           Power      Damage    Failure   Level
a - Stone Arrow           Conj/Erth      92%        3d12      1%          3
b - Sandblast             Erth           100%       2d20      1%          1
c - Static Discharge      Conj/Air       23%        N/A       3%          2
d - Petrify               Tmut/Erth      34%        N/A       11%         4

Your spell library contained the following spells:

 Spells                   Type           Power      Damage    Failure   Level
 Passwall                 Tmut/Erth      28%        N/A       1%          2
 Foxfire                  Conj/Fire      92%        2x1d8     2%          1
 Beastly Appendage        Tmut           34%        N/A       3%          1
 Wereblood                Tmut           17%        N/A       6%          2
 Conjure Flame            Conj/Fire      23%        6-21      8%          3
 Ensorcelled Hibernation  Hex/Ice        10%        N/A       13%         2
 Spider Form              Tmut/Pois      11%        N/A       17%         3
 Flame Wave               Conj/Fire      23%        2d6       24%         4
 Sticky Flame             Conj/Fire      23%        2d4       24%         4
 Inner Flame              Hex/Fire       5%         N/A       26%         3
 Dispel Undead            Necr           5%         3d7       63%         4
 Freezing Cloud           Conj/Ice/Air   8%         6-21      71%         5
 Metabolic Englaciation   Hex/Ice        2%         N/A       93%         5
 Summon Mana Viper        Hex/Summ       5%         N/A       93%         5
 Eringya's Noxious Bog    Tmut/Pois      5%         N/A       100%        6
 Borgnjor's Revivificati  Necr           2%         N/A       100%        8


Dungeon Overview and Level Annotations

Branches:
Dungeon (8/15)             Temple (0/1) D:5          Bailey (1/1)
   Lair: D:8-11

Shops:
D:4 :   D:7 !?:

Annotations:
D:6 4 runed translucent doors, Crazy Yiuf; ders's ghost, novice GrEE; porpoise's ghost, novice DECj


Innate Abilities, Weirdness & Mutations

You have an increased reservoir of magic. (+10% MP)
You shall have no god before yourself.
Your divine heritage dramatically boosts your attributes as you level up.


Message History

Aiming: Petrify (dangerous; 11% risk of failure)
Press: ? - help, Shift-Dir - straight line, f/p - orc warrior
Aim: an orc warrior, wielding a +0 arbalest, wearing a +0 scale mail and quivering bolts (chance to affect: 62%)
Okay, then.
You feel much better.
The orc warrior shoots a bolt.
The bolt hits you!
You regained 12 hp, and now have 30/62 hp.
Casting: Petrify (dangerous; 11% risk of failure)
Confirm with . or Enter, or press ? or * to list all spells.
Aiming: Petrify (dangerous; 11% risk of failure)
Press: ? - help, Shift-Dir - straight line, f/p - orc warrior
Aim: an orc warrior, wielding a +0 arbalest, wearing a +0 scale mail and quivering bolts (chance to affect: 62%)
The orc warrior resists with significant effort.
The orc warrior shoots a bolt.
The bolt hits you!
* * * LOW HITPOINT WARNING * * *
You take 16 damage, and have 14/62 hp.
MASSIVE DAMAGE!!
You now have 7/18 mp.
You feel much better.
The orc warrior shoots a bolt.
The bolt hits you!!
You regained 11 hp, and now have 25/62 hp.
Casting: Petrify (dangerous; 11% risk of failure)
Confirm with . or Enter, or press ? or * to list all spells.
Aiming: Petrify (dangerous; 11% risk of failure)
Press: ? - help, Shift-Dir - straight line, f/p - orc warrior
Aim: an orc warrior, wielding a +0 arbalest, wearing a +0 scale mail and quivering bolts (chance to affect: 62%)
The orc warrior is moving more slowly.
The orc warrior shoots a bolt.
The bolt hits you!
* * * LOW HITPOINT WARNING * * *
You take 14 damage, and have 11/62 hp.
MASSIVE DAMAGE!!
You now have 3/18 mp.
Casting: Petrify (dangerous; 11% risk of failure)
Confirm with . or Enter, or press ? or * to list all spells.
You don't have enough magic to cast this spell.
Aiming: Sandblast (safe; 1% risk of failure)
Press: ? - help, Q - select action, (/) - cycle Shift-Dir - straight line, f - you, p - orc warrior
Okay, then.
Aiming: Paralyse
Press: ? - help, Shift-Dir - straight line, f/p - orc warrior
Aim: an orc warrior, wielding a +0 arbalest, wearing a +0 scale mail and quivering bolts (petrifying slowly, chance to affect: 46%)
Okay, then.
Okay, then.
The orc warrior shoots a bolt.
The bolt closely misses you.
The orc warrior shoots a bolt.
The bolt hits you!!
You die...

################
............@.∩#
.............∩.#
...............#
..................#
...........).......#
...................#
.......≈≈≈≈≈.).....#
......≈≈#.#≈≈...o..#
......≈##.##≈......#


You could see an orc warrior (petrifying).

Vanquished Creatures
  Grinder (D:3)
  Sigmund (D:2)
  Eustachio (D:6)
  Edmund (D:6)
  An ice beast (D:6)
  A hornet zombie (D:7)
  A black bear (D:5)
  A sky beast (D:7)
  4 orc warriors
  2 ogres (D:5)
  A centaur (D:7)
  A bullfrog (D:7)
  A kobold brigand (D:7)
  2 scorpions
  6 wights
  A bullfrog zombie (D:5)
  A hound (D:6)
  A gnoll shaman (D:5)
  3 jellies
  An orc priest (D:8)
  Jessica (D:1)
  An orc wizard (D:7)
  Ijyb (D:5)
  An iguana (D:6)
  A howler monkey zombie (D:6)
  9 adders
  6 gnolls
  A howler monkey skeleton (D:6)
  2 worms (D:2)
  2 dart slugs
  13 orcs
  9 bats
  3 endoplasms
  A giant cockroach (D:3)
  11 goblins
  5 hobgoblins
  2 jackals (D:1)
  10 kobolds
  5 quokkas
  3 ball pythons
  7 frilled lizards
  7 rats
133 creatures vanquished.

Vanquished Creatures (others)
  6 withered plants (D:6)
6 creatures vanquished.

Grand Total: 139 creatures vanquished

Notes
Turn   | Place    | Note
-------+----------+-------------------------------------------
     0 | D:1      | gimp the Demigod Earth Elementalist began the quest for the
                  | Orb.
     0 | D:1      | Reached XP level 1. HP: 14/14 MP: 5/5
   199 | D:1      | Reached skill level 3 in Earth Magic
   210 | D:1      | Reached XP level 2. HP: 17/20 MP: 0/7
   905 | D:2      | Reached XP level 3. HP: 26/26 MP: 1/9
   993 | D:1      | Learned a level 3 spell: Stone Arrow
  1064 | D:2      | Noticed Jessica
  1072 | D:1      | Killed Jessica
  1129 | D:2      | Reached skill level 1 in Conjurations
  1132 | D:2      | Reached XP level 4. HP: 31/33 MP: 4/10
  1227 | D:2      | Reached skill level 4 in Earth Magic
  1543 | D:2      | Noticed Sigmund
  1549 | D:2      | Killed Sigmund
  1550 | D:2      | Reached XP level 5. HP: 38/38 MP: 6/12
  2507 | D:3      | Noticed Grinder
  2527 | D:3      | Killed Grinder
  2528 | D:3      | Reached skill level 1 in Short Blades
  2528 | D:3      | Reached skill level 5 in Earth Magic
  2528 | D:3      | Reached XP level 6. HP: 35/45 MP: 0/13
  2892 | D:4      | Found Zyuw's Book Emporium.
  2892 | D:4      | Noticed a steam dragon
  3055 | D:5      | Entered Level 5 of the Dungeon
  3325 | D:5      | Reached XP level 7. HP: 50/50 MP: 7/14
  3843 | D:5      | Noticed Ijyb
  3851 | D:5      | Killed Ijyb
  3976 | D:5      | Noticed an angel
  4014 | D:5      | Reached skill level 6 in Earth Magic
  4218 | D:5      | Found a staircase to the Ecumenical Temple.
  4417 | D:6      | Noticed ders's ghost (novice GrEE)
  4417 | D:6      | Noticed porpoise's ghost (novice DECj)
  4417 | D:6      | Found a runed translucent gate.
  4417 | D:6      | Found a runed translucent gate.
  4417 | D:6      | Found a runed translucent gate.
  4423 | D:6      | Noticed Eustachio
  4437 | D:6      | Killed Eustachio
  4438 | D:6      | Reached skill level 5 in Conjurations
  4438 | D:6      | Reached XP level 8. HP: 57/57 MP: 4/15
  4921 | D:6      | Noticed Edmund
  4953 | D:6      | Killed Edmund
  5278 | D:6      | Found a runed translucent door.
  5279 | D:6      | Noticed Crazy Yiuf
  5438 | D:6      | Reached skill level 7 in Earth Magic
  6035 | D:7      | Found Yrchujiyx's Book Emporium.
  6153 | D:7      | Found Tehyelit's Magic Scroll Emporium.
  6163 | D:7      | Bought a scroll of blinking for 75 gold pieces
  6163 | D:7      | Bought a scroll of teleportation for 30 gold pieces
  6163 | D:7      | Bought a scroll of identify for 20 gold pieces
  6163 | D:7      | Bought a scroll of noise for 10 gold pieces
  6923 | D:7      | Found Booschion's Distillery.
  7022 | D:7      | Reached skill level 1 in Shields
  7297 | D:7      | Reached skill level 8 in Earth Magic
  7298 | D:7      | Reached XP level 9. HP: 62/62 MP: 4/17
  7446 | D:7      | Bought a potion of heal wounds for 75 gold pieces
  7446 | D:7      | Bought a potion of degeneration for 15 gold pieces
  7595 | D:7      | Got the Almanac of Bewitching Feathers
  7659 | D:8      | Learned a level 2 spell: Static Discharge
  7664 | D:8      | Learned a level 4 spell: Petrify
  7734 | D:8      | Got Sif Muna's Catalogue of Virous Necromancy
  7762 | D:8      | Reached skill level 1 in Transmutations
  7998 | D:8      | Found a flagged portal.
  8075 | Bailey   | Entered a bailey
  8535 | Bailey   | Shot with a bolt by an orc warrior

Illustrated notes

Levels and vault maps discovered:
D:1:      dpeg_arrival_rooms_a, layout_loops_ring,
          shapermc_ecumenical_altar_starsandcircs, skrybe_limestone_x
D:2:      layout_rooms, uniq_sigmund, uniq_jessica
D:3:      layout_loops_ring, nicolae_underground_beach, uniq_grinder
D:4:      lemuel_castle_with_subvaults [lemuel_castle_interior_original],
          layout_loops_ring, ebering_ghost_sewer_f, serial_shops,
          nicolae_shop_advertising_works [nicolae_subvault_shop_adworks],
          fountainhead, uniq_natasha
D:5:      layout_rooms, zin_angel, vehumet_altar_wand_db,
          grunt_temple_overflow_open, minmay_temple_entry_fiery, uniq_ijyb
D:6:      layout_loops_ring, pdpol_wu_jian_five_deadly_venoms,
          gammafunk_ghost_cemetery, uniq_eustachio, uniq_crazy_yiuf_cottage,
          uniq_edmund
D:7:      layout_rooms, nicolae_dithmenos_the_darkroom, serial_shops,
          nicolae_stop_n_shop_2, nicolae_shop_stone, shop, sigmund_army
D:8:      layout_gridville, nicolae_overflow_crystal_walls,
          mainiacjoe_overflow_cross_hatched, enter_bailey_5,
          kennysheep_generic_room_7
Bailey:   bailey_polearm_2, bailey

Skill      XL: |  1  2  3  4  5  6  7  8  9 |
---------------+----------------------------+-----
Earth Magic    | 3 4 5 6 8 |  8.0
Spellcasting   | 2 3 4 |  4.0
Conjurations   | 1 2 3 5 6 |  6.0
Short Blades   | 1 2 4 |  4.0
Shields        | 1 2 |  2.2
Transmutations | 1 |  1.9
Dodging        | |  1.7
Stealth        | |  1.7

Action                   |  1- 3 |  4- 6 |  7- 9 || total
-------------------------+-------+-------+-------++-------
Melee: Dagger            |    27 |    18 |    25 ||    70
 Cast: Sandblast         |    35 |    30 |     8 ||    73
       Stone Arrow       |     1 |    32 |   104 ||   137
       Petrify           |       |       |     5 ||     5
  Use: Potion            |       |       |     3 ||     3
       Scroll            |       |       |     8 ||     8
 Stab: Sleeping          |     1 |       |       ||     1
       Petrified         |       |       |     4 ||     4
Armor: Robe              |     9 |     5 |     1 ||    15
Dodge: Dodged            |    25 |    22 |    60 ||   107
Block: Buckler           |       |       |     4 ||     4

Table legend: (Time is in decaauts)
 A = Elapsed time spent in this place.
 B = Non-inter-level travel time spent in this place.
 C = Inter-level travel time spent in this place.
 D = Time resting spent in this place.
 E = Time spent auto-exploring this place.
 F = Levels seen in this place.
 G = Mean time per level.
                   A        B        C        D        E       F      G
               +--------+--------+--------+--------+--------+-----+--------+
         Total |   8519 |   8300 |    219 |   1546 |   5621 |   9 |  946.6 |
       Dungeon |   8060 |   7841 |    219 |   1212 |   5608 |   8 | 1007.5 |
        Bailey |    459 |    459 |      0 |    334 |     13 |   1 |  459.0 |
               +--------+--------+--------+--------+--------+-----+--------+

Top non-repeatable levels by time:
     D:6: 2214 daAuts
     D:3: 1242 daAuts
     D:7: 1024 daAuts
     D:1: 1010 daAuts
     D:5: 984 daAuts
     D:2: 743 daAuts
  Bailey: 459 daAuts
     D:8: 420 daAuts
     D:4: 419 daAuts
